 Dungeon Crawl Stone Soup version 0.27.1-34-g3ba077fa99 (webtiles) character file.

Game seed: 11222998647413469583

124168 AntonIG04 the Warrior (level 16, -2/243 HPs)
             Began as a Minotaur Berserker on Jan 5, 2022.
             Was a High Priest of Trog.
             Killed from afar by a will-o-the-wisp (28 damage)
             ... with a foxfire
             ... on level 1 of the Swamp on Jan 9, 2022.
             The game lasted 02:53:51 (36732 turns).

AntonIG04 the Warrior (Minotaur Berserker)         Turns: 36732, Time: 02:53:52

Health: -2/243     AC: 25    Str: 26    XL:     16   Next: 38%
Magic:  15/15      EV: 24    Int:  8    God:    Trog [*****.]
Gold:   1455       SH: 16    Dex: 20    Spells: 15/15 levels left

rFire    . . .     SeeInvis .   a - +8 long sword "Zoude" {freeze, Drain rC+ rN++}
rCold    . . .     Faith    +   A - +1 kite shield
rNeg     + + +     Spirit   .   H - +7 swamp dragon scales "Vuitrom" {rPois rN+ Int+4}
rPois    +         Reflect  .   N - +2 hat
rElec    .         Harm     .   z - +1 cloak of the Butterfly {Dex+2}
rCorr    .         Rampage  .   Y - +1 pair of gloves "Siuh" {rPois rF- Will+ Dex+3}
Will     ++...                  n - +2 pair of boots
Stlth    ..........             W - amulet of faith
HPRegen  0.50/turn              w - +4 ring of evasion
MPRegen  0.14/turn              o - ring of fire

@: berserking, studying Fighting, quick
A: horns 2, retaliatory headbutt, deformed body, passive freeze, strong 1
a: Renounce Religion, Berserk, Trog's Hand, Brothers in Arms


You were on level 1 of the Swamp.
You worshipped Trog.
Trog was extremely pleased with you.
You visited 5 branches of the dungeon, and saw 25 of its levels.
You also visited: Bailey.

You collected 3330 gold pieces.
You spent 1875 gold pieces at shops.

Inventory:

Hand Weapons
 a - the +8 long sword "Zoude" (weapon) {freeze, Drain rC+ rN++}
   (You bought it in a shop on level 2 of the Orcish Mines)

   It freezes those it strikes, dealing additional cold damage.
   It can also slow down cold-blooded creatures.
   rC:        It protects you from cold.
   rN:        It greatly protects you from negative energy.
   Drain:     It drains your maximum health when unequipped.
 b - a +4 whip of flaming
 e - the +8 executioner's axe "Qustar" {speed, rElec Str+4}
   (You found it in a bailey)

   Attacks with this weapon are significantly faster.
   Str:       It affects your strength (+4).
   rElec:     It insulates you from electricity.
 D - a +6 antimagic long sword
Armour
 n - a +2 pair of boots (worn)
 z - the +1 cloak of the Butterfly (worn) {Dex+2}
   (You found it on level 4 of the Lair of Beasts)

   Dex:       It affects your dexterity (+2).
 A - a +1 kite shield (worn)
 H - the +7 swamp dragon scales "Vuitrom" (worn) {rPois rN+ Int+4}
   (You found it on level 4 of the Lair of Beasts)

   Int:       It affects your intelligence (+4).
   rPois:     It protects you from poison.
   rN:        It protects you from negative energy.
 N - a +2 hat (worn)
 Y - the +1 pair of gloves "Siuh" (worn) {rPois rF- Will+ Dex+3}
   (You found it on level 4 of the Lair of Beasts)

   Dex:       It affects your dexterity (+3).
   rF:        It makes you vulnerable to fire.
   rPois:     It protects you from poison.
   Will:      It increases your willpower.
Jewellery
 o - a ring of fire (right hand)
 w - a +4 ring of evasion (left hand)
 W - an amulet of faith (around neck)
Wands
 B - a wand of polymorph (15)
 C - a wand of mindburst (29)
 T - a wand of paralysis (8)
 V - a wand of charming (14)
Scrolls
 c - 2 scrolls of enchant armour
 d - 2 scrolls of identify
 h - a scroll of magic mapping
 j - 6 scrolls of enchant weapon
 x - 3 scrolls of acquirement
 y - a scroll of holy word
 I - 3 scrolls of blinking
 L - a scroll of fog
 Q - 2 scrolls of fear
 U - 4 scrolls of teleportation
Potions
 f - 10 potions of curing
 g - 5 potions of heal wounds
 i - 4 potions of brilliance
 k - a potion of invisibility
 l - 4 potions of attraction
 m - 2 potions of cancellation
 p - 5 potions of lignification
 q - a potion of berserk rage
 s - a potion of ambrosia
 t - 3 potions of haste
 u - a potion of magic
 M - 2 potions of flight
 O - 2 potions of mutation
 R - a potion of resistance
 S - 2 potions of might


   Skills:
 * Level 20.1 Fighting
 + Level 14.2 Long Blades
 - Level 10.0 Maces & Flails
 + Level 13.9 Armour
 + Level 13.0 Dodging
 + Level 13.8 Shields


You had 15 spell levels left.
You didn't know any spells.
Your spell library was empty.

Dungeon Overview and Level Annotations

Branches:
Dungeon (15/15)            Temple (0/1) D:6            Lair (6/6) D:9
  Swamp (1/4) Lair:4       Spider (1/4) Lair:3        Slime (0/5) Lair:6
    Orc (2/2) D:10            Elf (0/3) Orc:2        Vaults (0/5) D:14
 Depths (0/5) D:15         Bailey (visited)

Altars:
Ashenzari
Dithmenos
Elyvilon
Fedhas
Gozag
Hepliaklqana
Okawaru
Qazlal
Ru
Sif Muna
Trog
Uskayaw
Wu Jian
Xom
Zin

Shops:
D:3 *   D:5 (   D:12 [   Orc:2 ****(

Portals:
Abyss: Lair:4


Innate Abilities, Weirdness & Mutations

You have a pair of horns on your head.
You reflexively headbutt those who attack you in melee.
Armour fits poorly on your strangely shaped body.
A frigid envelope surrounds you and freezes all who hurt you.
Your muscles are strong. (Str +2)


Message History

A swamp worm comes into view. 2 foxfires come into view.
The foxfire hits you! The foxfire hits you.
You enter the shallow water.
Moving in this stuff is going to be slow.
Found a stone staircase leading down.
The will-o-the-wisp gestures.
The will-o-the-wisp conjures some foxfire! 2 foxfires come into view.
You slash the will-o-the-wisp! You freeze the will-o-the-wisp.
You headbutt the will-o-the-wisp, but do no damage.
The will-o-the-wisp is heavily damaged.
The foxfire hits you! The foxfire hits you!!
The will-o-the-wisp gestures.
The will-o-the-wisp conjures some foxfire! 2 foxfires come into view.
You hit the will-o-the-wisp.
The will-o-the-wisp is severely damaged.
You are engulfed in a cloud of scalding steam.
The foxfire hits you!!
* * * LOW HITPOINT WARNING * * *
The foxfire hits you!!
* * * LOW HITPOINT WARNING * * *
A red film seems to cover your vision as you go berserk!
You feel yourself moving faster!
You feel mighty!
You are engulfed in a cloud of scalding steam.
The will-o-the-wisp blinks!
You feel a strong urge to attack something.
You block the will-o-the-wisp's attack.
You barely miss the will-o-the-wisp. You headbutt the will-o-the-wisp!
The will-o-the-wisp is almost destroyed.
You barely miss the will-o-the-wisp.
The will-o-the-wisp is almost destroyed.
The will-o-the-wisp gestures.
The will-o-the-wisp conjures some foxfire! 2 foxfires come into view.
The foxfire hits you!
* * * LOW HITPOINT WARNING * * *
The foxfire hits you!!
You die...

♣≈....≈♣.≈≈≈≈♣.≈≈≈≈≈≈≈§
♣♣.≈≈....≈≈≈♣.≈≈≈.≈≈...
♣.§≈≈≈.≈.≈≈...≈≈≈......
♣♣≈.≈≈.≈≈≈.≈≈.≈≈§♣♣♣♣..
♣♣♣.≈≈.≈≈≈≈≈..≈.♣♣ . ♣
♣♣♣♣≈.≈≈≈..?§.≈♣♣♣♣♣ ♣
..≈≈≈§..≈≈.....♣.≈♣
.≈≈≈≈≈....≈v§..≈♣
..≈≈≈≈..≈§@§§.≈♣
...≈≈.≈♣♣§.v...≈.≈.
.≈.≈≈.♣ ♣≈≈♣...≈...
♣w≈≈§. ≈≈♣§....♣♣..
≈.≈≈.≈♣.≈..≈♣♣♣♣ ♣
.♣.≈.♣.....≈♣
....≈...>≈.≈ ♣≈.≈..≈.≈♣


You could see a will-o-the-wisp.

Vanquished Creatures
  Rupert (D:12)
  Kirke (D:13)
  The ghost of Kuerar the Basher, a journeyman BaFi of Cheibriados (Lair:4)
  A bunyip (Swamp:1)
  A fire dragon (D:15)
  Josephine (Orc:2)
  An ice dragon (D:15)
  13 hydras
  A catoblepas (Lair:6)
  5 boulder beetles
  2 centaur warriors
  An alligator (Swamp:1)
  7 two-headed ogres
  3 tengu warriors
  A deep troll shaman (Lair:6)
  Urug (D:14)
  4 orc high priests
  5 death yaks (Lair:6)
  Nergalle (D:12)
  Sonja (Lair:4)
  A lindwurm (Lair:6)
  A bog body (Swamp:1)
  4 orc knights
  A harpy (shapeshifter) (D:14)
  An oklob plant (Lair:6)
  A deep elf pyromancer (D:13)
  5 cyclopes
  2 wolf spiders
  An orc sorcerer (Orc:2)
  14 ugly things
  A will-o-the-wisp (Swamp:1)
  20 elephants
  A worldbinder (Lair:4)
  Maurice (D:8)
  A rust devil (Lair:4)
  10 black mambas
  2 guardian serpents (D:11)
  25 cane toads
  A torpor snail (Lair:6)
  A gargoyle (D:10)
  2 efreet
  2 unseen horrors
  7 komodo dragons
  A cane toad (shapeshifter) (D:13)
  3 rime drakes
  Psyche (D:12)
  A tyrant leech (Swamp:1)
  A jumping spider (shapeshifter) (D:15)
  14 polar bears
  A raiju (Lair:4)
  A hornet (D:8)
  5 trolls
  14 slime creatures
  9 blink frogs
  7 dream sheep
  A large abomination (Lair:4)
  A shadow (D:10)
  5 wraiths
  2 centaur simulacra
  A spriggan (Lair:4)
  3 wyverns
  92 yaks
  7 basilisks
  A steam dragon (Lair:2)
  A hog (D:13)
  16 humans (D:14)
  13 vampire mosquitoes
  Menkaure (D:4)
  A harpy simulacrum (D:15)
  A swamp worm (Swamp:1)
  2 wargs
  2 acid dragons
  23 water moccasins
  31 orc warriors
  9 black bears
  An ice beast (D:7)
  A tengu (shapeshifter) (D:13)
  8 ogres
  5 centaurs
  5 wolves (Lair:6)
  2 phantoms (D:6)
  2 kobold brigands (D:11)
  Blork the orc (D:5)
  15 bullfrogs
  3 scorpions
  A gnoll sergeant (D:6)
  A wyvern zombie (D:8)
  A water moccasin zombie (D:6)
  2 water moccasin skeletons (D:4)
  5 killer bees (D:11)
  4 electric eels (D:14)
  9 howler monkeys
  A bullfrog zombie (D:7)
  2 centaur zombies
  A hound (D:7)
  30 orc priests
  A centaur skeleton (D:6)
  6 jellies
  19 hell rats
  A scorpion zombie (D:3)
  3 iguanas
  27 orc wizards
  Natasha (thrice) (D:2)
  2 killer bee zombies
  2 hound skeletons (D:4)
  3 howler monkey zombies
  Robin (D:2)
  7 gnolls
  4 adders
  A white imp (D:6)
  An adder skeleton (D:5)
  4 dart slugs
  113 orcs
  6 endoplasms
  3 giant cockroaches (D:1)
  21 goblins
  4 hobgoblins
  9 jackals
  3 quokkas
  7 ball pythons
  5 bats
  2 frilled lizards
  16 kobolds
  6 rats
  A spectral goblin (D:3)
809 creatures vanquished.

Vanquished Creatures (collateral kills)
  Gastronok (Lair:1)
  A very ugly thing (D:15)
  Fannar (Lair:2)
  A rakshasa (D:15)
  A centaur warrior (D:15)
  2 two-headed ogres (D:11)
  A glowing orange brain (D:15)
  A manticore (D:11)
  6 ugly things (D:15)
  A cyclops (D:8)
  A cane toad (Lair:1)
  A tengu conjurer (D:14)
  A hornet (Lair:4)
  A blink frog (Lair:4)
  2 slime creatures
  A dream sheep (Lair:6)
  A spriggan (Lair:4)
  2 yaks (Lair:6)
  A basilisk (Lair:1)
  A warg (D:15)
  6 orc warriors
  4 centaurs (D:15)
  4 orc priests (Orc:2)
  An orc wizard (Orc:2)
  3 orcs (Orc:2)
46 creatures vanquished.

Vanquished Creatures (others)
  3 dream sheep (Lair:6)
  A human (D:13)
  An orc wizard (D:9)
  A bush (Lair:6)
  13 foxfires (Swamp:1)
  95 fungi
  103 plants
217 creatures vanquished.

Grand Total: 1072 creatures vanquished

Notes
Turn   | Place    | Note
-------+----------+-------------------------------------------
     0 | D:1      | AntonIG04 the Minotaur Berserker began the quest for the
                  | Orb.
     0 | D:1      | Reached XP level 1. HP: 19/19 MP: 0/0
   203 | D:1      | Reached skill level 4 in Fighting
   229 | D:1      | Reached XP level 2. HP: 27/27 MP: 1/1
   728 | D:1      | Found a faded altar of an unknown god.
  1005 | D:2      | Noticed Natasha
  1011 | D:2      | Killed Natasha
  1011 | D:2      | Reached ** piety under Trog
  1012 | D:2      | Reached XP level 3. HP: 34/34 MP: 2/2
  1023 | D:2      | Reached skill level 1 in Shields
  1031 | D:2      | Noticed Robin
  1051 | D:2      | Killed Robin
  1052 | D:2      | Reached XP level 4. HP: 28/41 MP: 3/3
  1551 | D:2      | Noticed Natasha
  1558 | D:2      | Killed Natasha
  1559 | D:2      | Reached skill level 5 in Fighting
  1682 | D:2      | Noticed Natasha
  1690 | D:2      | Killed Natasha
  1691 | D:2      | Reached XP level 5. HP: 43/48 MP: 4/4
  1950 | D:3      | Found a blossoming altar of Fedhas.
  2064 | D:3      | Found Beckuurr's General Store.
  2076 | D:3      | Bought a potion of attraction for 30 gold pieces
  2076 | D:3      | Bought a scroll of identify for 20 gold pieces
  2201 | D:3      | Found an ornate altar of the Wu Jian Council.
  2358 | D:3      | Found a hazy altar of Hepliaklqana.
  2699 | D:3      | Reached *** piety under Trog
  3089 | D:4      | Noticed an orc warrior
  3120 | D:3      | Killed an orc warrior
  3121 | D:3      | Reached XP level 6. HP: 11/57 MP: 5/5
  3455 | D:4      | Reached skill level 6 in Fighting
  3721 | D:4      | Noticed Menkaure
  3726 | D:4      | Killed Menkaure
  3727 | D:4      | Reached skill level 5 in Long Blades
  3727 | D:4      | Reached XP level 7. HP: 64/64 MP: 6/6
  4023 | D:4      | Reached skill level 7 in Fighting
  4282 | D:5      | Entered Level 5 of the Dungeon
  4282 | D:5      | Noticed Blork the orc
  4282 | D:5      | Found Qaweetel's Antique Weapon Shop.
  4713 | D:5      | Killed Blork the orc
  5273 | D:5      | Noticed a yak
  5273 | D:5      | Noticed a yak
  5274 | D:5      | Noticed a yak
  5305 | D:5      | Killed a yak
  5306 | D:5      | Reached skill level 5 in Armour
  5306 | D:5      | Reached XP level 8. HP: 38/74 MP: 7/7
  5308 | D:5      | Reached skill level 8 in Fighting
  5314 | D:5      | Reached skill level 5 in Dodging
  6095 | D:6      | Reached skill level 5 in Shields
  6309 | D:6      | Reached skill level 9 in Fighting
  6320 | D:6      | Reached XP level 9. HP: 81/83 MP: 8/8
  6476 | D:6      | Found a staircase to the Ecumenical Temple.
  6708 | D:6      | Found a sacrificial altar of Ru.
  6989 | D:6      | Found a glowing silver altar of Zin.
  6989 | D:6      | Noticed an angel
  7411 | D:7      | Found a broken altar of Ashenzari.
  7435 | D:7      | Reached **** piety under Trog
  7841 | D:7      | Reached skill level 10 in Fighting
  8178 | D:8      | Noticed a cyclops
  8184 | D:8      | Killed a cyclops
  8317 | D:8      | Reached XP level 10. HP: 39/94 MP: 9/9
  8634 | D:8      | Found an iron altar of Okawaru.
  8669 | D:8      | Identified a scroll of acquirement
  8836 | D:8      | Noticed Maurice
  8859 | D:8      | Killed Maurice
  9243 | D:8      | Reached skill level 11 in Fighting
  9656 | D:9      | Acquired 923 gold pieces
  9806 | D:9      | Noticed a two-headed ogre
  9820 | D:9      | Killed a two-headed ogre
  9825 | D:9      | Noticed a two-headed ogre
 10177 | D:8      | Killed a two-headed ogre
 10178 | D:8      | Reached skill level 12 in Fighting
 10584 | D:8      | Reached XP level 11. HP: 85/104 MP: 10/10
 10847 | D:9      | Found a white marble altar of Elyvilon.
 11260 | D:9      | Identified the +10 falchion of Analysis {pain, rC+}
 11285 | D:9      | Found a staircase to the Lair.
 11306 | Lair:1   | Entered Level 1 of the Lair of Beasts
 11979 | Lair:1   | Noticed a four-headed hydra
 11989 | Lair:1   | Killed a four-headed hydra
 12139 | Lair:1   | Noticed a five-headed hydra
 12188 | D:9      | Killed a five-headed hydra
 12301 | Lair:1   | Reached skill level 13 in Fighting
 12631 | Lair:1   | Reached skill level 1 in Maces & Flails
 12712 | Lair:1   | Noticed Gastronok
 12723 | Lair:1   | Killed Gastronok
 12724 | Lair:1   | Reached skill level 10 in Long Blades
 13727 | Lair:2   | Reached XP level 12. HP: 108/115 MP: 11/11
 14030 | Lair:2   | Noticed Fannar
 14039 | Lair:2   | Killed Fannar
 14522 | Lair:2   | Noticed a seven-headed hydra
 14537 | Lair:2   | Killed a seven-headed hydra
 14538 | Lair:2   | Reached skill level 14 in Fighting
 14538 | Lair:2   | Reached skill level 10 in Armour
 16085 | Lair:3   | Reached skill level 10 in Shields
 16227 | Lair:3   | Found a hole to the Spider Nest.
 16227 | Lair:3   | Noticed a boulder beetle
 16249 | Lair:3   | Killed a boulder beetle
 16644 | Lair:3   | Reached skill level 5 in Maces & Flails
 17713 | Lair:3   | Reached skill level 10 in Dodging
 17958 | Spider:1 | Entered Level 1 of the Spider Nest
 17983 | Lair:3   | Reached XP level 13. HP: 125/125 MP: 12/12
 18448 | Lair:4   | Noticed Kuerar's ghost (journeyman BaFi)
 18458 | Lair:4   | Found a transporter.
 18461 | Lair:4   | Found a one-way gate to the infinite horrors of the Abyss.
 18694 | Lair:4   | Found a staircase to the Swamp.
 18737 | Lair:4   | Reached skill level 15 in Fighting
 19887 | Lair:4   | Noticed Sonja
 19921 | Lair:4   | Killed Sonja
 20211 | Lair:4   | Found a transporter.
 20345 | Lair:4   | Identified the +1 pair of gloves "Siuh" {rPois rF- Will+
                  | Dex+3}
 21130 | D:5      | Bought a glowing demon blade for 522 gold pieces
 21492 | Lair:4   | Killed Kuerar's ghost
 21753 | Lair:4   | Identified the +1 cloak of the Butterfly {Dex+2}
 21776 | Lair:4   | Identified the +7 swamp dragon scales "Vuitrom" {rPois rN+
                  | Int+4}
 22700 | Lair:5   | Reached skill level 16 in Fighting
 22801 | Lair:5   | Reached XP level 14. HP: 129/137 MP: 13/13
 23174 | Lair:6   | Entered Level 6 of the Lair of Beasts
 24251 | Lair:6   | Found a staircase to the Slime Pits.
 24393 | Lair:6   | Reached ***** piety under Trog
 24803 | Lair:6   | Reached skill level 17 in Fighting
 26136 | D:10     | Entered Level 10 of the Dungeon
 26151 | D:10     | Found a staircase to the Orcish Mines.
 26167 | Orc:1    | Entered Level 1 of the Orcish Mines
 26408 | Orc:1    | Received a gift from Trog
 26608 | Orc:2    | Entered Level 2 of the Orcish Mines
 26803 | Orc:2    | Found a staircase to the Elven Halls.
 26804 | Orc:2    | Noticed Josephine
 26820 | Orc:2    | Killed Josephine
 26821 | Orc:2    | Reached XP level 15. HP: 145/145 MP: 14/14
 27311 | Orc:1    | Received a gift from Trog
 27686 | Orc:2    | Found Fasaket's General Store.
 27686 | Orc:2    | Found Poilu's Assorted Antiques.
 27686 | Orc:2    | Found Uhuif's General Store.
 27689 | Orc:2    | Found Duphul's General Store.
 27740 | Orc:2    | Bought a potion of flight for 48 gold pieces
 27740 | Orc:2    | Bought the +8 long sword "Zoude" {freeze, Drain rC+ rN++}
                  | for 1043 gold pieces
 27740 | Orc:2    | Bought a scroll of identify for 32 gold pieces
 27751 | Orc:2    | Bought a potion of mutation for 120 gold pieces
 27751 | Orc:2    | Bought a potion of might for 60 gold pieces
 28111 | Orc:2    | Found Qimokil's Antique Weapon Shop.
 28493 | D:10     | Found a shadowy altar of Dithmenos.
 28493 | D:10     | Found a stormy altar of Qazlal.
 28494 | D:10     | Found an opulent altar of Gozag.
 28496 | D:10     | Found a hide-covered altar of Uskayaw.
 28497 | D:10     | Found a bloodstained altar of Trog.
 29962 | D:11     | Received a gift from Trog
 30118 | D:11     | Reached ****** piety under Trog
 30223 | D:12     | Noticed Psyche
 30230 | D:12     | Killed Psyche
 30291 | D:12     | Found a flagged portal.
 30300 | Bailey   | Entered a bailey
 30731 | Bailey   | Identified the +8 executioner's axe "Qustar" {speed, rElec
                  | Str+4}
 30986 | D:12     | Received a gift from Trog
 31468 | D:12     | Found Haezeisch's Armour Boutique.
 31485 | D:12     | Noticed Rupert
 31493 | D:12     | Killed Rupert
 31494 | D:12     | Reached skill level 18 in Fighting
 31546 | D:12     | Noticed Nergalle
 31552 | D:12     | Killed Nergalle
 31661 | D:12     | You fall into a shaft and drop 3 floors!
 31661 | D:15     | Entered Level 15 of the Dungeon
 31945 | D:14     | Reached skill level 10 in Maces & Flails
 31948 | D:14     | Found a shimmering altar of Xom.
 31995 | D:14     | Found a gate to the Vaults.
 32019 | D:14     | Noticed Urug
 32057 | D:14     | Killed Urug
 32200 | D:13     | Noticed Kirke
 32209 | D:13     | Killed Kirke
 32999 | D:13     | Reached skill level 19 in Fighting
 33685 | D:14     | Received a gift from Trog
 33953 | D:14     | Found a shimmering blue altar of Sif Muna.
 34154 | D:15     | Reached XP level 16. HP: 157/160 MP: 15/15
 34877 | D:15     | Found a staircase to the Depths.
 35077 | D:15     | Reached skill level 20 in Fighting
 35233 | D:15     | Gained mutation: Your body sometimes deteriorates upon
                  | taking damage. [potion of mutation]
 35233 | D:15     | Gained mutation: Your flesh is cold resistant. (rC+)
                  | [potion of mutation]
 35233 | D:15     | Gained mutation: Armour fits poorly on your strangely
                  | shaped body. [potion of mutation]
 35234 | D:15     | Lost mutation: Armour fits poorly on your strangely shaped
                  | body. [potion of mutation]
 35234 | D:15     | Lost mutation: Your flesh is cold resistant. (rC+) [potion
                  | of mutation]
 35234 | D:15     | Lost mutation: Your body sometimes deteriorates upon taking
                  | damage. [potion of mutation]
 35234 | D:15     | Gained mutation: Armour fits poorly on your strangely
                  | shaped body. [potion of mutation]
 35234 | D:15     | Gained mutation: Your muscles are strong. (Str +2) [potion
                  | of mutation]
 35234 | D:15     | Gained mutation: A frigid envelope surrounds you and
                  | freezes all who hurt you. [potion of mutation]
 36223 | Swamp:1  | Entered Level 1 of the Swamp
 36732 | Swamp:1  | Killed from afar by a will-o-the-wisp

Illustrated notes

Levels and vault maps discovered:
D:1:      minmay_arrival_pointy, layout_loops_ring,
          shapermc_ecumenical_altar_mp_vishouse, serial_rivers,
          chequers_serial_rivers_micro_b, chequers_serial_rivers_micro_a,
          chequers_serial_rivers_micro_b, chequers_serial_rivers_small_3,
          chequers_serial_rivers_micro_b
D:2:      layout_basic, minmay_crystal_water, uniq_natasha, uniq_robin
D:3:      layout_loops_ring, nzn_wu_jian_council_hall,
          lemuel_coloured_pillars_altar, nicolae_hepliaklqana_monster_ancestors,
          serial_shops, nicolae_shop_temple_entry_statues_fountains,
          wad_orctagon
D:4:      layout_basic, hangedman_decor_growths, dk_vineyard_2, uniq_menkaure
D:5:      layout_cave_pools, serial_shops, nicolae_stop_n_shop_2,
          uniq_blork_the_orc
D:6:      layout_loops_ring, nicolae_ru_awakened_eye, zin_angel,
          minmay_temple_entry_large_hall
D:7:      layout_loops_cross, mainiacjoe_overflow_brackets
D:8:      layout_loops_ring, mainiacjoe_overflow_catwalk, uniq_maurice
D:9:      layout_loops_corners, mainiacjoe_overflow_boulevard,
          due_lair_maze_entry_diamond
D:10:     layout_loops_corners, grunt_temple_overflow_open, special_room
          [special_room_orc]
D:11:     nrook_guardian_serpent_snake_passage, layout_basic
D:12:     layout_basic, serial_shops, shop, enter_bailey_3, uniq_psyche,
          uniq_nergalle, uniq_rupert
D:13:     layout_gridville, uniq_kirke
D:14:     layout_basic, david_vaults_3, lemuel_tele_altar,
          kennysheep_orc_sif_temple
D:15:     gammafunk_enter_depths_forms, layout_basic, minmay_liquid_box,
          grunt_ministairs_10
Lair:1:   layout_loops_ring, lemuel_fruit_fields, infiniplex_staircase_pool,
          uniq_gastronok
Lair:2:   layout_cave_pods, uniq_fannar
Lair:3:   beast_lair_carwin_large_1, layout_small_grid,
          spider_nest_entry_web_field
Lair:4:   layout_layer_cave, swamp_mist, gammafunk_ghost_abyssal_escape,
          grunt_forest_large_clearing_hut, uniq_sonja
Lair:5:   layout_misc_corridors, st_stairs_11, nicolae_quartered_pool_little,
          chequers_serial_rivers_micro_c, minmay_shattered_shrine
Lair:6:   grunt_lair_end_beastmaster, layout_gridlike,
          nicolae_slime_entry_slimehenge, minmay_lair_oklob_items,
          kennysheep_basilisk_garden, grunt_megastairs_3
Swamp:1:  layout_basic_swamp, nicolae_swamp_little_swirl
Spider:1: layout_spider_delve
Orc:1:    layout_caves
Orc:2:    st_orc_mages, layout_diamond_mine, serial_shops, shop_statue,
          uniq_josephine

Skill      XL: |  1  2  3  4  5  6  7  8  9 10 11 12 13 14 15 16 |
---------------+-------------------------------------------------+-----
Fighting       | 4 5 6 7 9 10 12 13 14 16 17 19 20 | 20.1
Long Blades    | 4 5 6 7 9 10 11 12 13 14 | 14.2
Armour         | 3 4 5 6 7 8 9 10 11 12 13 | 13.9
Shields        | 1 2 3 4 5 6 8 9 10 11 12 13 | 13.8
Dodging        | 3 4 5 6 7 9 10 11 12 13 | 13.0
Maces & Flails | 2 5 7 9 10 | 10.0

Action                   |  1- 3 |  4- 6 |  7- 9 | 10-12 | 13-15 | 16-18 || total
-------------------------+-------+-------+-------+-------+-------+-------++-------
Melee: Falchion          |    51 |   133 |   151 |       |       |       ||   335
       Headbutt          |    17 |    28 |    73 |   236 |   564 |    76 ||   994
       Dagger            |       |       |   135 |   259 |       |       ||   394
       Long sword        |       |       |       |   512 |   686 |   209 ||  1407
       Whip              |       |       |       |    24 |    58 |       ||    82
       Demon blade       |       |       |       |       |   883 |       ||   883
Throw: Throwing net      |       |       |       |     1 |       |       ||     1
Invok: Berserk           |     1 |     2 |     6 |    19 |    19 |     2 ||    49
       Brothers in Arms  |       |       |     1 |     5 |     9 |     4 ||    19
       Trog's Hand       |       |       |       |     5 |     1 |     1 ||     7
  Use: Scroll            |       |       |       |    13 |    13 |       ||    26
       Potion            |       |       |       |       |     7 |     2 ||     9
 Stab: Distracted        |       |     1 |       |     1 |       |       ||     2
       Petrified         |       |       |       |       |     7 |       ||     7
Armor: Ring mail         |    10 |       |       |       |       |       ||    10
       Scale mail        |     9 |    39 |       |       |       |       ||    48
       Plate armour      |       |    26 |   116 |   288 |    68 |       ||   498
       Swamp dragon scal |       |       |       |       |   319 |    46 ||   365
Dodge: Dodged            |    23 |    65 |   100 |   364 |   787 |    96 ||  1435
Block: Kite shield       |       |       |    64 |   447 |  1045 |   126 ||  1682
       Rpst.: Falchion   |     8 |    12 |    12 |       |       |       ||    32
       Long sword        |       |       |       |    49 |    64 |    13 ||   126
       Demon blade       |       |       |       |       |    83 |       ||    83
